 Dungeon Crawl Stone Soup version 0.31-a0-229-g1fc7ce93e2 (webtiles) character file.

Game seed: 2025462254366208065

114 qw the Shooter (level 4, 0/27 HPs)
             Began as a Gargoyle Hexslinger on July 6, 2023.
             Slain by a black bear (3 damage)
             ... on level 4 of the Dungeon.
             The game lasted 00:00:57 (2081 turns).

qw the Shooter (Gargoyle Hexslinger)                Turns: 2081, Time: 00:00:57

Health: 0/27       AC:  8    Str: 11    XL:     4   Next: 97%
Magic:  5/5        EV: 10    Int: 14    God:
Gold:   55         SH:  0    Dex: 14    Spells: 4/5 levels left

rFire   . . .        Y - +1 sling
rCold   . . .        (no shield)
rNeg    + . .        d - +0 ring mail
rPois   inf          (no helmet)
rElec   +            (no cloak)
rCorr   .            (no gloves)
SInv    .            (no boots)
Will    .....        c - amulet of faith
Stlth   +            (no ring)
HPRegen 0.24/turn    (no ring)
MPRegen 0.09/turn

%: faith
@: no status effects
A: sickness immunity, AC +3, negative energy resistance 1, electricity
resistance, torment resistance 1, petrification resistance
a: no special abilities


You were on level 4 of the Dungeon.
You visited 1 branch of the dungeon, and saw 4 of its levels.

You collected 176 gold pieces.
You spent 121 gold pieces at shops.


Innate Abilities, Weirdness & Mutations

You are immune to sickness and miasma.
Your stone body is resilient. (AC +3)
You are immune to poison.
You resist negative energy. (rN+)
You are resistant to electric shocks. (rElec)
You are resistant to unholy torment.
You are immune to petrification.


   Skills:
 - Level 2.3 Fighting
 + Level 4.1 Ranged Weapons
 - Level 1.7 Armour
 - Level 1.5 Dodging
 - Level 1.0 Spellcasting
 - Level 2.6 Hexes


You had 4 spell levels left.
You knew the following spells:

 Your Spells              Type           Power      Damage    Failure   Level
a - Slow                  Hex            32%        N/A       21%         1

Your spell library contained the following spells:

 Spells                   Type           Power      Damage    Failure   Level
 Inner Flame              Hex/Fire       4%         N/A       71%         3
 Portal Projectile        Hex/Tloc       8%         N/A       71%         3
 Cause Fear               Hex            4%         N/A       90%         4

Inventory:

Hand Weapons
 Y - a +1 sling (weapon)
Armour
 d - a +0 ring mail (worn)
Jewellery
 c - an amulet of faith (around neck)
Scrolls
 i - a scroll of identify
Potions
 b - 3 potions of curing
 e - a potion of invisibility {unknown}
 f - a potion of cancellation {unknown}
 g - a potion of haste
 h - a potion of mutation
 j - a potion of attraction {unknown}

Dungeon Overview and Level Annotations

Branches:
Dungeon (4/15)
 Temple: D:4-7

Altars:
Elyvilon
Fedhas
Makhleb
Zin
The Shining One

Shops:
D:2 ?


Message History

The hobgoblin shouts!
You shoot a sling bullet.
The sling bullet hits the hobgoblin but does no damage.
You shoot a sling bullet. The sling bullet hits the hobgoblin.
The hobgoblin is almost dead.
You shoot a sling bullet. The sling bullet hits the hobgoblin.
You kill the hobgoblin!
A black bear comes into view.
Found a scratched ivory ring.
You shoot a sling bullet. The sling bullet hits the black bear.
The black bear is lightly wounded.
You shoot a sling bullet.
The sling bullet barely misses the black bear.
You shoot a sling bullet. The sling bullet hits the black bear.
The black bear is moderately wounded.
You shoot a sling bullet.
The sling bullet closely misses the black bear.
You shoot a sling bullet. The sling bullet hits the black bear.
The black bear is heavily wounded.
The black bear bites you. The black bear claws you. x2
You shoot a sling bullet.
The sling bullet hits the black bear but does no damage.
The black bear is heavily wounded.
The black bear closely misses you. The black bear claws you. x2
The black bear bites you. The black bear claws you.
The black bear claws you but does no damage.
You shoot a sling bullet.
The sling bullet hits the black bear but does no damage.
The black bear is heavily wounded.
The black bear bites you! The black bear closely misses you.
The black bear claws you but does no damage.
You shoot a sling bullet.
The sling bullet closely misses the black bear.
The black bear misses you. The black bear barely misses you.
The black bear claws you but does no damage.
You shoot a sling bullet.
The sling bullet closely misses the black bear.
The black bear bites you but does no damage.
The black bear claws you. x2
You die...

=..#. #...
#... ## #..
. ... #!#.#
#.#.######.
#..@h.....<
###.######.
#.#<..#
#.#.#.#
#.###.#
#.....#
#####.# ###


You could see a black bear.

Vanquished Creatures
  A hound (D:3)
  3 adders (D:2)
  2 worms (D:2)
  A dart slug (D:1)
  8 ball pythons
  5 endoplasms
  3 giant cockroaches
  5 goblins
  4 hobgoblins
  2 quokkas (D:1)
  5 bats (D:2)
  3 frilled lizards
  3 kobolds
  6 rats
51 creatures vanquished.

Notes
Turn   | Place    | Note
-------+----------+-------------------------------------------
     0 | D:1      | qw the Gargoyle Hexslinger began the quest for the Orb.
     0 | D:1      | Reached XP level 1. HP: 12/12 MP: 2/2
     0 | D:1      | 0 ||| qw: Version: 0.3-a-46-gb1f654a
     0 | D:1      | 0 ||| qw: Game counter: 1536
     0 | D:1      | 0 ||| qw: Melee chars always use a shield: true
     0 | D:1      | 0 ||| qw: God list: Okawaru
     0 | D:1      | 0 ||| qw: Allow faded altars: false
     0 | D:1      | 0 ||| qw: Do Orc after clearing Dungeon:15 true
     0 | D:1      | 0 ||| qw: Do second Lair branch before Depths: true
     0 | D:1      | 0 ||| qw: Lair rune preference: random
     0 | D:1      | 0 ||| qw: Goals: Normal
     0 | D:1      | 0 ||| PLANNING D:1-11
   102 | D:1      | Reached XP level 2. HP: 16/16 MP: 3/3
   317 | D:1      | Reached skill level 3 in Ranged Weapons
   657 | D:1      | 657 ||| UPGRADING to +0 leather armour.
   667 | D:1      | 667 ||| DROPPING +0 robe.
   668 | D:1      | 668 ||| READING scroll labelled FEAZAMUEMO.
   669 | D:1      | 669 ||| READING scroll labelled EFAROBB VYESHRA.
   670 | D:1      | 670 ||| DROPPING scroll of poison.
   717 | D:2      | Found a faded altar of an unknown god.
   854 | D:2      | Found Kaes's Magic Scroll Emporium.
   917 | D:2      | Reached XP level 3. HP: 14/22 MP: 4/4
  1091 | D:2      | Reached XP level 4. HP: 27/27 MP: 5/5
  1364 | D:2      | 1364 ||| BUYING scroll of identify (22 gold).
  1364 | D:2      | Bought a scroll of identify for 22 gold pieces
  1364 | D:2      | 1364 ||| BUYING scroll of identify (22 gold).
  1364 | D:2      | Bought a scroll of identify for 22 gold pieces
  1364 | D:2      | 1364 ||| BUYING scroll of identify (22 gold).
  1364 | D:2      | Bought a scroll of identify for 22 gold pieces
  1364 | D:2      | 1364 ||| BUYING scroll of identify (22 gold).
  1364 | D:2      | Bought a scroll of identify for 22 gold pieces
  1364 | D:2      | 1364 ||| BUYING scroll of teleportation (33 gold).
  1364 | D:2      | Bought a scroll of teleportation for 33 gold pieces
  1364 | D:2      | 1364 ||| SHOPLISTING scroll of teleportation (33 gold, have
                  | 2).
  1444 | D:2      | 1444 ||| UPGRADING to +0 ring mail.
  1454 | D:2      | 1454 ||| DROPPING +0 leather armour.
  1455 | D:2      | 1455 ||| UPGRADING to amulet of faith.
  1460 | D:2      | 1460 ||| DRINKING 3 sedimented black potions.
  1465 | D:2      | 1465 ||| READING 5 scrolls of identify.
  1465 | D:2      | 1465 ||| IDENTIFYING bubbling amethyst potion
  1466 | D:2      | 1466 ||| READING 4 scrolls of identify.
  1466 | D:2      | 1466 ||| IDENTIFYING murky orange potion
  1467 | D:2      | 1467 ||| READING 3 scrolls of identify.
  1467 | D:2      | 1467 ||| IDENTIFYING smoky inky potion
  1468 | D:2      | 1468 ||| READING 2 scrolls of identify.
  1468 | D:2      | 1468 ||| IDENTIFYING lumpy orange potion
  1469 | D:2      | 1469 ||| DROPPING 2 potions of ambrosia.
  1574 | D:3      | Reached skill level 4 in Ranged Weapons
  1682 | D:3      | Found a glowing golden altar of the Shining One.
  1682 | D:3      | Found a glowing silver altar of Zin.
  1683 | D:3      | Found a white marble altar of Elyvilon.
  1732 | D:3      | Found a blossoming altar of Fedhas.
  1751 | D:3      | HP: 6/27 [hound (1)]
  1752 | D:3      | 1752 ||| READING scroll of teleportation.
  1753 | D:3      | 1753 ||| DRINKING potion of heal wounds.
  1768 | D:3      | Reached skill level 1 in Armour
  1993 | D:3      | Found a burning altar of Makhleb.
  2025 | D:3      | 2025 ||| READING 2 scrolls labelled TITUL ELLUNT.
  2026 | D:3      | 2026 ||| READING scroll labelled YMIDGH HORGH.
  2027 | D:3      | 2027 ||| DROPPING scroll of blinking.
  2072 | D:4      | Noticed a black bear
  2079 | D:4      | HP: 3/27 [black bear (7)]
  2081 | D:4      | Slain by a black bear

Levels and vault maps discovered:
D:1:      spicycebolla_arrival_clurvy, layout_basic
D:2:      layout_loops_cross, serial_shops, nicolae_shop_gibbet_a_chance,
          hellmonk_ecumenical_altar_pennies_from_heaven, minmay_divided_ellipse
D:3:      layout_rooms, good_gods_temple_1, lemuel_doored_altar,
          mainiacjoe_overflow_boulevard
D:4:      layout_basic, mainiacjoe_overflow_divided_tiny,
          minmay_temple_entry_wispy, serial_rivers,
          chequers_serial_rivers_room_b, chequers_serial_rivers_small_b,
          chequers_serial_rivers_micro_d, chequers_serial_rivers_room_a

Skill      XL: |  1  2  3  4 |
---------------+-------------+-----
Ranged Weapons | 3 4 |  4.1
Fighting       | 2 |  2.3
Armour         | 1 |  1.7
Dodging        | |  1.5
Spellcasting   | |  1.0
Hexes          | |  2.6

Action                     |  1- 3 |  4- 6 || total
---------------------------+-------+-------++-------
   Fire: Sling             |   111 |    97 ||   208
    Use: Scroll            |     2 |     7 ||     9
         Potion            |       |     2 ||     2
 Armour: Leather armour    |    17 |     5 ||    22
         Robe              |     5 |       ||     5
         Ring mail         |       |    42 ||    42
  Dodge: Dodged            |    46 |    55 ||   101

Table legend:
 A = Non-vault XP
 B = Vault XP
 C = Vault XP percentage of total XP
 D = Non-vault monster count
 E = Vault monster count
 F = Vault count percentage of total count
                 A         B        C        D         E       F
            +---------+---------+-------+---------+---------+-------
      Total |     127 |      36 |  22.1 |      38 |      13 |  25.5
            +---------+---------+-------+---------+---------+-------
        D:1 |      21 |       0 |   0.0 |      12 |       0 |   0.0
        D:2 |      52 |      36 |  40.9 |      16 |      13 |  44.8
        D:3 |      52 |       0 |   0.0 |       9 |       0 |   0.0
        D:4 |       2 |       0 |   0.0 |       1 |       0 |   0.0
            +---------+---------+-------+---------+---------+-------
